 Dungeon Crawl Stone Soup version 0.24.1-14-gf8d2b509d9 (webtiles) character file.

Game seed: 18024101768362255364, levelgen mode: deterministic

146 Tartanist the Sneak (level 5, -2/21 HPs)
             Began as a Felid Summoner on Aug 7, 2023.
             Slain by an ice beast (3 damage)
             ... on level 5 of the Dungeon.
             The game lasted 00:27:55 (5458 turns).

Tartanist the Sneak (Felid Summoner)                Turns: 5458, Time: 00:27:55

Health: -2/21      AC:  1    Str:  4    XL:     5   Next: 7%
Magic:  1/9        EV: 18    Int: 17    God:
Gold:   247        SH:  0    Dex: 17    Spells: 2/8 levels left
                                        Lives:  0   Deaths: 1

rFire    . . .     SeeInvis +     - Unarmed
rCold    . . .     Gourm    .   (shield unavailable)
rNeg     . . .     Faith    .   (armour unavailable)
rPois    .         Spirit   .   (helmet unavailable)
rElec    .         Reflect  .   (cloak unavailable)
rCorr    .         Harm     .   (gloves unavailable)
MR       .....                  (boots unavailable)
Stlth    ++++......             (no amulet)
HPRegen  0.07/turn              (no ring)
MPRegen  0.11/turn              (no ring)

@: quick
A: very small, no armour, no weapons or thrown items, stealth, claws 1, fangs 3,
see invisible, carnivore, speed 1, shaggy fur 1, slow metabolism 1, sharp paws
a: no special abilities


You were on level 5 of the Dungeon.
You were not hungry.

You visited 1 branch of the dungeon, and saw 5 of its levels.

You collected 247 gold pieces.

Inventory:

Jewellery
 g - a cursed ring of attention {unknown}
 i - an uncursed amulet of the gourmand {unknown}
Wands
 f - a wand of acid (8)
Scrolls
 a - a scroll of fear {unknown}
 d - a scroll of identify {unknown}
 e - a scroll of blinking {unknown}
 j - a scroll of fog {unknown}
 l - a scroll of enchant armour {unknown}
 n - a scroll of remove curse {unknown}
Potions
 c - 2 potions of heal wounds {unknown}
 h - a potion of cancellation {unknown}
 k - a potion of degeneration {unknown}
 m - 2 potions of agility
 o - a potion of berserk rage {unknown}
 p - a potion of might {unknown}
 q - a potion of mutation {unknown}
Comestibles
 b - 8 rations


   Skills:
 - Level 2.6 Dodging
 + Level 6.7 Stealth
 - Level 4.0 Unarmed Combat
 - Level 2.0 Spellcasting
 - Level 4.0 Summonings


You had 2 spell levels left.
You knew the following spells:

 Your Spells              Type           Power        Failure   Level  Hunger
a - Summon Small Mammal   Summ           ###.         3%          1    #......
b - Call Imp              Summ           ###.....     5%          2    ###....
c - Call Canine Familiar  Summ           ###.....     11%         3    ###....

Your spell library contained the following spells:

 Spells                   Type           Power        Failure   Level  Hunger
 Summon Guardian Golem    Hex/Summ       #.......     26%         3    ###....
 Summon Ice Beast         Ice/Summ       #.......     63%         4    #####..
 Summon Lightning Spire   Summ/Air       #.......     63%         4    #####..


Dungeon Overview and Level Annotations

Branches:
Dungeon (5/15)
 Temple: D:4-7

Altars:
Ashenzari
Dithmenos
Sif Muna

Annotations:
D:4 3 runed translucent doors, KlarStein's ghost, amateur DsFi


Innate Abilities, Weirdness & Mutations

You cannot wear armour.
You are incapable of wielding weapons or throwing items.
Your paws allow you to move quietly. (Stealth)
You have sharp claws.
You have razor-sharp teeth.
You have supernaturally acute eyesight. (SInv)
You are carnivorous and can eat meat at any time.
You cover ground quickly.
You are covered in fur. (AC +1)
You have a slow metabolism.
Your sharp claws are effective at attacking unaware monsters.


Message History

A metallic apparition takes form in the air.
Your crimson imp closely misses the ice beast.
You scratch the ice beast.
The ice beast is lightly wounded.
The ice beast hits you. The ice beast freezes you.
You scratch the ice beast but do no damage.
The ice beast is lightly wounded.
Your crimson imp disappears in a puff of smoke!
Your crimson imp barely misses the ice beast.
The ice beast misses you.
Your iron imp closely misses the ice beast.
Your crimson imp hits the ice beast.
A giant cockroach comes into view.
Your crimson imp blinks!
Your crimson imp blinks!
The ice beast hits you. The ice beast freezes you!
* * * LOW HITPOINT WARNING * * *
Your iron imp hits the ice beast but does no damage.
The ice beast hits you.
You die...

...##5####..
###.......# ...# ..#
#.. #.......# .... #.#
#.. #.._8_..#######
..... .# #..
#.............#
...>.#.# #..
#......#####.#
...###.###.. ##...#.#
....
=....5s#######.##.####
#.......s5.5Y.........
#.s###.#...@......####
###.########## #.# #.#
#.# ..# ... .## #.


You could see an ice beast, a scorpion, a giant cockroach, a friendly iron imp
and 2 friendly crimson imps.

Vanquished Creatures
  2 worker ants
  A gnoll (D:3)
  An adder (D:3)
  2 oozes
  3 dart slugs
  A leopard gecko (D:3)
  3 orcs
  A ball python (D:2)
  2 giant cockroaches (D:5)
  3 goblins
  3 hobgoblins
  5 jackals
  2 quokkas
  15 bats
  A frilled lizard (D:3)
  4 kobolds
  A leopard gecko skeleton (D:4)
  6 rats
56 creatures vanquished.

Vanquished Creatures (collateral kills)
  A bullfrog skeleton (D:5)
  An orc priest (D:3)
  11 gnolls
  3 adders
  2 worms (D:2)
  A dart slug (D:1)
  2 leopard geckos
  14 orcs (D:3)
  A bat (D:2)
  3 goblins (D:1)
  3 hobgoblins
  5 jackals
  A quokka (D:2)
  4 kobolds
52 creatures vanquished.

Grand Total: 108 creatures vanquished

Notes
Turn   | Place    | Note
-------+----------+-------------------------------------------
     0 | D:1      | Tartanist the Felid Summoner began the quest for the Orb.
     0 | D:1      | Reached XP level 1. HP: 7/7 MP: 4/4
   100 | D:1      | Reached skill level 1 in Unarmed Combat
   251 | D:1      | Reached XP level 2. HP: 11/11 MP: 0/6
   435 | D:1      | Learned a level 2 spell: Call Imp
  1106 | D:2      | Reached XP level 3. HP: 14/14 MP: 2/7
  1291 | D:2      | Found a shattered altar of Ashenzari.
  1835 | D:3      | Found a faded altar of an unknown god.
  2174 | D:3      | Reached XP level 4. HP: 13/18 MP: 0/8
  2711 | D:3      | Reached skill level 3 in Stealth
  2931 | D:3      | Reached skill level 4 in Stealth
  3038 | D:3      | Reached XP level 5. HP: 21/21 MP: 0/9
  3469 | D:3      | Reached skill level 5 in Stealth
  3870 | D:3      | Learned a level 3 spell: Call Canine Familiar
  4793 | D:4      | Reached skill level 6 in Stealth
  4889 | D:4      | Found a runed translucent gate.
  4890 | D:4      | Found a runed translucent gate.
  4891 | D:4      | Found a runed translucent gate.
  4915 | D:4      | Noticed KlarStein's ghost (amateur DsFi)
  5332 | D:5      | Entered Level 5 of the Dungeon
  5353 | D:5      | Found a shadowy altar of Dithmenos.
  5353 | D:5      | Found a shimmering blue altar of Sif Muna.
  5423 | D:5      | Slain by a scorpion
  5424 | D:5      | Reached XP level 4. HP: -1/18 MP: 2/8
  5437 | D:5      | Noticed an ice beast
  5446 | D:5      | Reached XP level 5. HP: 21/21 MP: 2/9
  5457 | D:5      | HP: 1/21 [ice beast (10)]
  5458 | D:5      | Slain by an ice beast

Levels and vault maps discovered:
D:1:      minmay_arrival_four_houses, layout_loops_ring, nrook_mini_vaults,
          minmay_heptomino_l4
D:2:      layout_loops_cross, lemuel_doored_altar, minmay_misc_feat_alley
D:3:      layout_basic, chequers_ecumenical_altar_island, hangedman_decor_points
D:4:      layout_basic, gammafunk_ghost_icy, first_ration
D:5:      layout_loops_ring, chequers_temple_overflow_statue_of_worship,
          basic_altar, hex_tiny

Skill      XL: |  1  2  3  4  5 |
---------------+----------------+-----
Unarmed Combat | 1 2 3 4 |  4.0
Stealth        | 4 6 |  6.7
Dodging        | |  2.6
Spellcasting   | |  2.0
Summonings     | |  4.0

Action                   |  1- 3 |  4- 6 || total
-------------------------+-------+-------++-------
Melee: Unarmed           |   109 |    95 ||   204
       Bite              |     6 |    14 ||    20
 Cast: Summon Small Mamm |    20 |     3 ||    23
       Call Imp          |     7 |    51 ||    58
       Call Canine Famil |       |     1 ||     1
  Use: Scroll            |       |     1 ||     1
       Potion            |       |     1 ||     1
 Stab: Sleeping          |    15 |     6 ||    21
  Eat: Chunk             |    10 |    10 ||    20
Armor: Skin              |    18 |     4 ||    22
Dodge: Dodged            |   124 |    84 ||   208
